 Dungeon Crawl Stone Soup version 0.26.0-18-gc5c842f807 (webtiles) character file.

Game seed: 15613722140975862802

107 thiole the Sneak (level 4, -3/40 HPs)
             Began as an Octopode Hedge Wizard on Jan 23, 2021.
             Slain by an orc
             ... wielding a +0 flail
              (8 damage)
             ... on level 3 of the Dungeon.
             The game lasted 00:02:55 (2199 turns).

thiole the Sneak (Octopode Hedge Wizard)            Turns: 2199, Time: 00:02:55

Health: -3/40      AC:  1    Str:  9    XL:     4   Next: 86%
Magic:  3/9        EV: 13    Int: 17    God:
Gold:   80         SH:  0    Dex: 11    Spells: 2/10 levels left

rFire    . . .     SeeInvis .   a - +0 dagger
rCold    . . .     Faith    .   (no shield)
rNeg     . . .     Spirit   .   b - +0 hat
rPois    .         Reflect  .   (no amulet)
rElec    .         Harm     .   (no ring)
rCorr    .         Rampage  .   (no ring)
Will     .....     Clarity  +   (no ring)
Stlth    ..........             (no ring)
HPRegen  0.13/turn              (no ring)
MPRegen  0.11/turn              (no ring)
                                (no ring)
                                (no ring)

@: berserking, very quick
A: almost no armour, stealthy swim, amphibious, 8 rings, constrict 8, camouflage
1, clarity, wild magic 1, gelatinous body 1
a: no special abilities


You were on level 3 of the Dungeon.
You visited 1 branch of the dungeon, and saw 3 of its levels.

You collected 80 gold pieces.

Inventory:

Hand Weapons
 a - a +0 dagger (weapon)
Armour
 b - a +0 hat (worn)
Scrolls
 c - a scroll of enchant armour {unknown}
 d - a scroll of teleportation {unknown}
 f - 2 scrolls of identify {unknown}
 g - 3 scrolls of remove curse {unknown}
 i - a scroll of fear {unknown}
 j - a scroll of random uselessness {unknown}
 k - a scroll of amnesia {unknown}
Potions
 l - a potion of cancellation
 n - a potion of flight {unknown}


   Skills:
 - Level 2.0 Dodging
 + Level 3.8 Stealth
 + Level 3.5 Spellcasting
 - Level 2.0 Conjurations
 - Level 2.1 Summonings
 - Level 1.0 Translocations
 * Level 1.8 Air Magic


You had 2 spell levels left.
You knew the following spells:

 Your Spells              Type           Power        Failure   Level
a - Magic Dart            Conj           48%          12%         1
b - Call Imp              Summ           13%          16%         2
c - Blink                 Tloc           N/A          24%         2
d - Mephitic Cloud        Conj/Pois/Air  9%           38%         3

Your spell library contained the following spells:

 Spells                   Type           Power        Failure   Level
 Slow                     Hex            3%           34%         2
 Conjure Flame            Conj/Fire      8%           41%         3


Dungeon Overview and Level Annotations

Branches:
Dungeon (3/15)

Altars:
The Shining One

Annotations:
D:3 3 runed translucent doors, inqbanana's ghost, amateur OgCK


Innate Abilities, Weirdness & Mutations

You cannot wear most types of armour.
You are very stealthy in the water. (Stealth+)
You are amphibious.
You can wear up to eight rings at the same time.
You can use your tentacles to constrict eight enemies at once.
Your skin changes colour to match your surroundings (Stealth+).
Your rubbery body absorbs attacks. (AC +1, EV +1)
You possess an exceptional clarity of mind.
Your spells are a little harder to cast, but a little more powerful.


Message History

You constrict the orc. The adder bites you.
* * * LOW HITPOINT WARNING * * *
The orc closely misses you. The adder misses you.
You feel better.
You constrict the orc. The orc closely misses you. The adder bites you.
* * * LOW HITPOINT WARNING * * *
You hit the orc.
You kill the orc!
The adder barely misses you. The orc hits you with a +0 dagger.
* * * LOW HITPOINT WARNING * * *
It was a potion of mutation.
You feel extremely strange.
Your thoughts seem clearer.
You feel less in control of your magic. The adder misses you.
The orc barely misses you. The orc hits you with a +0 dagger.
* * * LOW HITPOINT WARNING * * *
It was a potion of berserk rage.
A red film seems to cover your vision as you go berserk!
You feel yourself moving faster!
You feel mighty! The adder barely misses you. The orc hits you with a +0 flail!
You die...

#.#############
#.....<........
...####.####....
##.####....
#..........
..#####.o........
........o@.......
#.#.....S#.###+++
#....).#.#g....
#........# ....
#......#.#g....
###......#W....
#....#.#.....
#....#.#...$$
......#.#.....


You could see an adder and 2 orcs.

Vanquished Creatures
  An orc priest (D:3)
  A gnoll (D:1)
  2 adders (D:2)
  A worm (D:2)
  2 dart slugs (D:2)
  An orc (D:3)
  3 ball pythons
  8 goblins
  4 hobgoblins
  7 kobolds
  6 bats
  4 frilled lizards
  4 rats
44 creatures vanquished.

Notes
Turn   | Place    | Note
-------+----------+-------------------------------------------
     0 | D:1      | thiole the Octopode Hedge Wizard began the quest for the
                  | Orb.
     0 | D:1      | Reached XP level 1. HP: 11/11 MP: 4/4
   244 | D:1      | Reached XP level 2. HP: 17/17 MP: 1/6
   595 | D:1      | Reached XP level 3. HP: 21/21 MP: 4/7
  1300 | D:2      | Learned a level 2 spell: Call Imp
  1303 | D:2      | Learned a level 2 spell: Blink
  1307 | D:2      | Learned a level 3 spell: Mephitic Cloud
  1507 | D:2      | Found a glowing golden altar of the Shining One.
  1626 | D:2      | Reached XP level 4. HP: 27/27 MP: 4/8
  1736 | D:2      | Reached skill level 1 in Air Magic
  2171 | D:3      | Found a runed translucent gate.
  2171 | D:3      | Found a runed translucent gate.
  2177 | D:3      | Noticed inqbanana's ghost (amateur OgCK)
  2194 | D:3      | Found a runed translucent gate.
  2198 | D:3      | Gained mutation: You possess an exceptional clarity of
                  | mind. [potion of mutation]
  2198 | D:3      | Gained mutation: Your spells are a little harder to cast,
                  | but a little more powerful. [potion of mutation]
  2199 | D:3      | Slain by an orc

Illustrated notes

Levels and vault maps discovered:
D:1:      minmay_arrival_pointy, layout_loops_ring
D:2:      layout_rooms, tso_metal_star
D:3:      layout_basic, gammafunk_ghost_split, makhleb_blood_cavern_becter

Skill      XL: |  1  2  3  4 |
---------------+-------------+-----
Stealth        | 3 |  3.8
Summonings     | 2 |  2.1
Conjurations   | 2 |  2.0
Air Magic      | 1 |  1.8
Dodging        | |  2.0
Spellcasting   | |  3.5
Translocations | |  1.0

Action                   |  1- 3 |  4- 6 || total
-------------------------+-------+-------++-------
Melee: Dagger            |    17 |     6 ||    23
       Tentacles         |     6 |     1 ||     7
       Constrict         |     5 |     1 ||     6
 Cast: Magic Dart        |    73 |    25 ||    98
  Use: Potion            |       |     5 ||     5
 Stab: Sleeping          |     1 |       ||     1
Armor: Skin              |     1 |       ||     1
Dodge: Dodged            |    19 |    14 ||    33
